 Dungeon Crawl Stone Soup version 0.29-a0-284-gf9362112df (webtiles) character file.

Game seed: 8561360812204977883

21 YayAnonymity the Digger (level 2, 0/15 HPs)
             Began as a Gargoyle Earth Elementalist on Mar 20, 2022.
             Slain by a worm (8 damage)
             ... on level 2 of the Dungeon on Mar 21, 2022.
             The game lasted 00:03:06 (1256 turns).

YayAnonymity the Digger (GrEE)                      Turns: 1256, Time: 00:03:07

Health: 0/15       AC:  4    Str: 11    XL:     2   Next: 87%
Magic:  5/5        EV: 11    Int: 15    God:
Gold:   37         SH:  0    Dex: 10    Spells: 4/5 levels left

rFire   . . .      SeeInvis .   d - staff of cold
rCold   + . .      Faith    .   (no shield)
rNeg    + . .      Spirit   .   b - +0 robe
rPois   ∞          Reflect  .   (no helmet)
rElec   +          Harm     .   (no cloak)
rCorr   .          Rampage  .   (no gloves)
Will    .....                   (no boots)
Stlth   ++........              (no amulet)
HPRegen 0.05/turn               (no ring)
MPRegen 0.09/turn               (no ring)

@: no status effects
A: sickness immunity, AC +2, negative energy resistance 1, electricity
resistance, torment resistance 1, petrification resistance
a: no special abilities


You were on level 2 of the Dungeon.
You visited 1 branch of the dungeon, and saw 2 of its levels.

You collected 37 gold pieces.

Inventory:

Armour
 b - a +0 robe (worn)
Magical Staves
 d - a staff of cold (weapon)
Jewellery
 h - an amulet of reflection
Scrolls
 e - a scroll of magic mapping {unknown}
 f - 2 scrolls of identify {unknown}
 i - a scroll of noise {unknown}
Potions
 c - a potion of magic
 g - 2 potions of lignification {unknown}
 j - a potion of resistance {unknown}


   Skills:
 + Level 1.0 Staves
 - Level 1.5 Dodging
 - Level 2.1 Stealth
 + Level 2.2 Spellcasting
 - Level 0.7 Transmutations
 * Level 4.3 Earth Magic


You had 4 spell levels left.
You knew the following spells:

 Your Spells              Type           Power      Damage    Failure   Level
a - Sandblast             Erth           28%        2d8       3%          1

Your spell library contained the following spells:

 Spells                   Type           Power      Damage    Failure   Level
 Passwall                 Tmut/Erth      7%         N/A       12%         2
 Stone Arrow              Conj/Erth      16%        3d8       26%         3
 Petrify                  Tmut/Erth      9%         N/A       58%         4


Dungeon Overview and Level Annotations

Branches:
Dungeon (2/15)

Altars:


Innate Abilities, Weirdness & Mutations

You are immune to sickness and miasma.
Your stone body is resilient. (AC +2)
You are immune to poison.
You resist negative energy. (rN+)
You are resistant to electric shocks. (rElec)
You are resistant to unholy torment.
You are immune to petrification.


Message History

Confirm with . or Enter, or press ? or * to list all spells.
You don't know that spell.
Casting: Sandblast (safe; 3% risk of failure)
Confirm with . or Enter, or press ? or * to list all spells.
You don't know that spell.
You start resting.
Magic restored.
Found a stone staircase leading down.
Casting: Sandblast (safe; 3% risk of failure)
Confirm with . or Enter, or press ? or * to list all spells.
Aiming: Sandblast (safe; 3% risk of failure)
Press: ? - help, Shift-Dir - straight line, f/p - worm
Aim: a worm (93% to hit)
The blast of sand hits the worm!
The worm is heavily wounded.
You now have no stones remaining.
Casting: Sandblast (safe; 3% risk of failure)
Confirm with . or Enter, or press ? or * to list all spells.
You don't have any stones to cast with.
Casting: Sandblast (safe; 3% risk of failure)
Confirm with . or Enter, or press ? or * to list all spells.
You don't have any stones to cast with.
You hit the worm but do no damage.
The worm is heavily wounded.
The worm barely misses you.
You hit the worm.
The worm is heavily wounded.
You hit the worm.
The worm is severely wounded.
The worm bites you.
You hit the worm.
The worm is severely wounded.
You hit the worm.
The worm is severely wounded.
The worm bites you.
You hit the worm. You punch the worm, but do no damage.
The worm is severely wounded.
The worm bites you!
Ouch! That really hurt!
You die...

############################
.....>......................
#................†..........
#.........w@...#############
#....#########.##.....# ...
#.##.###.###### #
#.##.#≈#.......
#....###.######
####..........# ##..........
###........ #.##.....


You could see a worm.

Vanquished Creatures
  A dart slug (D:2)
  2 bats (D:1)
  3 giant cockroaches (D:1)
  A goblin (D:1)
  3 hobgoblins
  2 jackals (D:1)
  A frilled lizard (D:1)
  3 rats (D:1)
  A spectral hobgoblin (D:1)
17 creatures vanquished.

Notes
Turn   | Place    | Note
-------+----------+-------------------------------------------
     0 | D:1      | YayAnonymity the Gargoyle Earth Elementalist began the
                  | quest for the Orb.
     0 | D:1      | Reached XP level 1. HP: 10/10 MP: 3/3
   239 | D:1      | Found a faded altar of an unknown god.
   243 | D:1      | Reached XP level 2. HP: 15/15 MP: 3/5
   272 | D:1      | Reached skill level 4 in Earth Magic
  1135 | D:2      | Reached skill level 1 in Staves
  1256 | D:2      | Slain by a worm

Illustrated notes

Levels and vault maps discovered:
D:1:      tarquinn_simple_flora_water_c, layout_loops_corners,
          dreamdust_ecumenical_altar_drowned_temple
D:2:      minmay_chambers_of_twos, layout_basic, basic_altar,
          serial_park_tiny_pond, feat_on_display

Skill      XL: |  1  2 |
---------------+-------+-----
Earth Magic    | 4 |  4.3
Staves         | 1 |  1.0
Dodging        | |  1.5
Stealth        | |  2.1
Spellcasting   | |  2.2
Transmutations | |  0.7

Action                   || total
-------------------------++-------
Melee: Staff             ||    16
       Punch             ||     1
 Cast: Sandblast         ||    30
Armor: Robe              ||     5
Dodge: Dodged            ||     7

Table legend: (Time is in decaauts)
 A = Elapsed time spent in this place.
 B = Non-inter-level travel time spent in this place.
 C = Inter-level travel time spent in this place.
 D = Time resting spent in this place.
 E = Time spent auto-exploring this place.
 F = Levels seen in this place.
 G = Mean time per level.
                   A        B        C        D        E       F      G
               +--------+--------+--------+--------+--------+-----+--------+
         Total |   1264 |   1227 |     37 |    102 |    951 |   2 |  632.0 |
       Dungeon |   1264 |   1227 |     37 |    102 |    951 |   2 |  632.0 |
               +--------+--------+--------+--------+--------+-----+--------+

Top non-repeatable levels by time:
     D:1: 1078 daAuts
     D:2: 186 daAuts
